[Event "Titled Tuesday Blitz November 01 Early 2022"]
[White "Nozdrachev, Leonid"]
[Black "Johnson, Ben"]
[WhiteFideId "24113433"]
[BlackFideId "2010917"]
[WhiteElo "2249"]
[BlackElo "2133"]
[Result "1-0"]
[Round "05"]
[TimeControl "180+1"]
[Date "2022.11.02"]
[WhiteClock "0:00:50"]
[BlackClock "0:00:02"]

1. e4 c5 2. Nf3 Nc6 3. Nc3 e5 4. Bc4 Be7 5. d3 Nf6 6. O-O O-O 7. Ng5 d6 8. f4 Bg4 9. Qe1 exf4 10. Bxf4 Ne5 11. Bb3 Bh5 12. Qg3 Nfd7 13. Nd5 b5 14. Nxe7+ Qxe7 15. Bd5 Rab8 16. Rae1 Nb6 17. c3 Rbd8 18. d4 cxd4 19. cxd4 Nec4 20. b3 Na3 21. Bc6 Nc2 22. Rd1 a6 23. d5 Nb4 24. Rc1 Bg6 25. Qf2 h6 26. Qxb6 hxg5 27. Bd2 Qxe4 28. Rce1 Qg4 29. h3 Qh4 30. Re7 Nd3 31. Qe3 Ne5 32. Qxg5 Qxg5 33. Bxg5 Nxc6 34. dxc6 Rc8 35. c7 d5 36. Rd7 d4 37. Be7 Rfe8 38. Rd8 d3 39. Rxe8+ Rxe8 40. Bd8 1-0


[Site "https://www.chess.com"]

[Event "Titled Tuesday Blitz November 01 Early 2022"]
[White "Odegov, Artem"]
[Black "Celestino, Rafael Teixeira"]
[WhiteFideId "34183644"]
[BlackFideId "2108925"]
[WhiteElo "2298"]
[BlackElo "2451"]
[Result "1-0"]
[Round "05"]
[TimeControl "180+1"]
[Date "2022.11.02"]
[WhiteClock "0:01:19"]
[BlackClock "0:00:08"]

1. d4 Nf6 2. c4 e6 3. Nf3 d5 4. Nc3 Bb4 5. Bg5 h6 6. Bxf6 Qxf6 7. Qa4+ Nc6 8. e3 O-O 9. Be2 dxc4 10. O-O Bxc3 11. bxc3 e5 12. Qxc4 exd4 13. cxd4 Bg4 14. d5 Bxf3 15. Bxf3 Ne5 16. Qe2 Nxf3+ 17. Qxf3 Qxf3 18. gxf3 f5 19. Rac1 Rf7 20. Rfd1 Rd8 21. Rb1 b6 22. Rbc1 Rfd7 23. e4 fxe4 24. fxe4 c5 25. f3 Kf7 26. Kf2 Kf6 27. Ke3 g5 28. h4 Ke5 29. Rg1 Rg8 30. Rg4 Rdg7 31. Rcg1 Kf6 32. hxg5+ Rxg5 33. Rf4+ Ke7 34. Rxg5 hxg5 35. Rf5 Kd6 36. Rf6+ Kc7 37. Rf7+ Kd6 38. Rxa7 g4 39. fxg4 Rxg4 40. Rb7 Rg3+ 41. Kf4 Rg2 42. Rxb6+ Kd7 43. Rb7+ Kc8 44. Rb5 Rc2 45. Ke5 c4 46. Kd6 Rxa2 47. Rc5+ Kd8 48. Rxc4 Ra6+ 49. Rc6 Ra4 50. e5 Ra7 51. e6 Rd7+ 52. Ke5 Ra7 53. Rb6 Ra5 54. Kd6 Ra8 55. Ke5 Ra5 56. Kf6 Rxd5 57. e7+ Kd7 58. Rb7+ Kd6 59. e8=Q 1-0


[Site "https://www.chess.com"]

[Event "Titled Tuesday Blitz November 01 Early 2022"]
[White "Oglaza, Oskar"]
[Black "Fernandez Hernandez, Gerardo"]
[WhiteFideId "1194402"]
[BlackFideId "2207400"]
[WhiteElo "2204"]
[BlackElo "2248"]
[Result "1-0"]
[Round "05"]
[TimeControl "180+1"]
[Date "2022.11.02"]
[WhiteClock "0:01:55"]
[BlackClock "0:00:03"]

1. e4 e6 2. d4 d5 3. Nc3 Nc6 4. Nf3 Nf6 5. e5 Ne4 6. Bd3 Bb4 7. Bd2 Nxd2 8. Qxd2 f6 9. exf6 Qxf6 10. a3 Bxc3 11. bxc3 O-O 12. O-O Bd7 13. Rae1 Rae8 14. Ne5 Re7 15. f4 Nb8 16. g4 Ree8 17. g5 Qd8 18. Qe3 c5 19. Bxh7+ Kxh7 20. Qh3+ Kg8 21. g6 Rf6 22. Qh7+ Kf8 23. Qh8+ Ke7 24. Qxg7+ Kd6 25. Nf7+ Rxf7 26. gxf7 Rf8 27. f5 exf5 28. Qe5+ Kc6 29. dxc5 Rxf7 30. Qd6+ Kb5 31. Rb1+ Ka5 32. Rf4 Rg7+ 33. Kf1 Bb5+ 34. Rxb5+ Kxb5 35. Rb4+ Ka5 36. Qxd8+ 1-0


[Site "https://www.chess.com"]

[Event "Titled Tuesday Blitz November 01 Early 2022"]
[White "Orzech, Dominik"]
[Black "Adnan, Habib"]
[WhiteFideId "1115065"]
[BlackFideId "11202270"]
[WhiteElo "2272"]
[BlackElo "2110"]
[Result "0-1"]
[Round "05"]
[TimeControl "180+1"]
[Date "2022.11.02"]
[WhiteClock "0:01:47"]
[BlackClock "0:01:30"]

1. d4 Nf6 2. c4 g6 3. Nc3 Bg7 4. Nf3 O-O 5. Bg5 d6 6. e3 Nbd7 7. Be2 h6 8. Bh4 g5 9. Bg3 Nh5 10. Qc2 Nxg3 11. hxg3 e5 12. O-O-O c6 13. Rh2 Qe7 14. Rdh1 f5 15. d5 Nf6 16. Nd2 cxd5 17. Nxd5 Nxd5 18. cxd5 Bd7 19. Kb1 Rfc8 20. Qd1 e4 21. Nb3 Ba4 22. g4 Qf6 23. Qd2 Bxb3 24. axb3 a5 25. gxf5 a4 26. Bc4 b5 27. Bxb5 axb3 28. Bd7 Rc2 29. Be6+ Kf8 30. Qxc2 bxc2+ 31. Kxc2 Qxb2+ 32. Kd1 Ra1# 0-1


[Site "https://www.chess.com"]

[Event "Titled Tuesday Blitz November 01 Early 2022"]
[White "Osinovsky, Stepan"]
[Black "Bogaudinov, Rushan"]
[WhiteFideId "4157354"]
[BlackFideId "4129288"]
[WhiteElo "2222"]
[BlackElo "1945"]
[Result "0-1"]
[Round "05"]
[TimeControl "180+1"]
[Date "2022.11.02"]
[WhiteClock "0:00:05"]
[BlackClock "0:02:07"]

1. Nf3 d5 2. g3 Nf6 3. Bg2 g6 4. O-O Bg7 5. d3 O-O 6. Nbd2 c5 7. e4 Nc6 8. Re1 e6 9. c3 b5 10. a4 b4 11. Qc2 a5 12. exd5 Nxd5 13. c4 Nb6 14. Nb3 Nd7 15. Be3 Qb6 16. d4 Bb7 17. dxc5 Qc7 18. Rad1 Rfd8 19. Rd6 Nce5 20. Nxe5 Nxe5 21. Bf4 Bxg2 22. Kxg2 Qb7+ 23. c6 Nxc6 24. Qe4 Rxd6 25. Bxd6 Nd8 26. Qxb7 Nxb7 27. Be5 Rc8 28. Bxg7 Kxg7 29. Rc1 Kf6 30. Kf3 Ke5 31. Ke3 f5 32. f4+ Kd6 33. Rd1+ Kc6 34. Rd4 Kc7 35. Kd3 Re8 36. c5 e5 37. fxe5 Rxe5 38. Kc4 Kc6 0-1


[Site "https://www.chess.com"]

[Event "Titled Tuesday Blitz November 01 Early 2022"]
[White "Osmonbekov, Talaibek"]
[Black "Fudalej, Michal"]
[WhiteFideId "2017253"]
[BlackFideId "1118781"]
[WhiteElo "2135"]
[BlackElo "2088"]
[Result "0-1"]
[Round "05"]
[TimeControl "180+1"]
[Date "2022.11.02"]
[WhiteClock "0:00:02"]
[BlackClock "0:00:14"]

1. d4 Nf6 2. Bf4 g6 3. Nc3 d5 4. e3 Bg7 5. h4 Bg4 6. f3 Bf5 7. g4 Bc8 8. h5 c6 9. Qd2 b6 10. O-O-O a5 11. Bd3 Ba6 12. Nge2 Bxd3 13. cxd3 Na6 14. h6 Bf8 15. e4 e6 16. Ng3 Be7 17. Kb1 Qd7 18. g5 Ng8 19. Be5 f6 20. gxf6 Bxf6 21. exd5 exd5 22. Qf4 Qf7 23. Bxf6 Nxf6 24. Rde1+ Kd7 25. Re5 Rae8 26. Rhe1 Nc7 27. Rc1 Rhf8 28. Nge2 Re6 29. Na4 Rb8 30. Qe3 Ng8 31. Nf4 Rf6 32. Ng2 Rxf3 33. Qe1 Rf2 34. Qc3 Qf6 35. Ne3 Qd6 36. Ng4 Rf5 0-1


[Site "https://www.chess.com"]

[Event "Titled Tuesday Blitz November 01 Early 2022"]
[White "Ovchinnikov, Vsevolod"]
[Black "Rakhmanov, Aleksandr"]
[WhiteFideId "24176842"]
[BlackFideId "4173708"]
[WhiteElo "2376"]
[BlackElo "2530"]
[Result "1-0"]
[Round "05"]
[TimeControl "180+1"]
[Date "2022.11.02"]
[WhiteClock "0:00:08"]
[BlackClock "0:00:03"]

1. Nf3 d5 2. c4 d4 3. e3 Nc6 4. b4 dxe3 5. fxe3 Nxb4 6. d4 e6 7. Nc3 Nf6 8. a3 Nc6 9. e4 Be7 10. e5 Nd7 11. Bd3 Nxd4 12. Nxd4 Nxe5 13. Be2 Bh4+ 14. g3 Bf6 15. Be3 O-O 16. Ne4 Be7 17. O-O f5 18. Nf2 c5 19. Nb5 b6 20. Bf4 Bf6 21. Qxd8 Rxd8 22. Rad1 Bd7 23. h4 Kf7 24. Ne4 Bxb5 25. cxb5 Rxd1 26. Bxd1 Ke7 27. Nxf6 gxf6 28. Re1 Rd8 29. Be2 Rd4 30. Be3 Ra4 31. Bc1 c4 32. Kf2 Nd3+ 33. Bxd3 cxd3 34. Rd1 Rc4 35. Be3 Rc2+ 36. Rd2 Rc3 37. a4 Rb3 38. Kf3 e5 39. g4 Ke6 40. gxf5+ Kxf5 41. h5 e4+ 42. Kg3 Ke5 43. h6 f5 44. Rd1 Ra3 45. Bd2 Rxa4 46. Rc1 Ra2 47. Bf4+ Kd5 48. Rc7 Rb2 49. Rxh7 e3 50. Bxe3 Ke4 51. Bf4 d2 52. Re7+ Kd3 53. Rd7+ Kc4 54. Rxd2 Rb3+ 55. Kh4 Rb1 56. Rh2 Rf1 57. Kg5 Rg1+ 58. Kxf5 Rg8 59. h7 Rh8 60. Be5 1-0


[Site "https://www.chess.com"]

[Event "Titled Tuesday Blitz November 01 Early 2022"]
[White "Ozen, Bahadir"]
[Black "Mladenovic, Stefan"]
[WhiteFideId "6337058"]
[BlackFideId "942227"]
[WhiteElo "2503"]
[BlackElo "2337"]
[Result "1-0"]
[Round "05"]
[TimeControl "180+1"]
[Date "2022.11.02"]
[WhiteClock "0:02:26"]
[BlackClock "0:01:40"]

1. g3 Nf6 2. Bg2 e6 3. Nf3 d5 4. O-O Be7 5. d3 O-O 6. Nbd2 c5 7. e4 d4 8. a4 Nc6 9. Nc4 Nd7 10. Ne1 e5 11. f4 b6 12. Nf3 f6 13. Bh3 Qc7 14. Be6+ Kh8 15. Nh4 Nd8 16. Bd5 Bb7 17. Qh5 g6 18. Nxg6+ Kg7 19. Nxe7 1-0


[Site "https://www.chess.com"]

[Event "Titled Tuesday Blitz November 01 Early 2022"]
[White "Papasimakopoulos, Alexandros"]
[Black "Caruana, Fabiano"]
[WhiteFideId "4244125"]
[BlackFideId "2020009"]
[WhiteElo "2357"]
[BlackElo "2847"]
[Result "1/2-1/2"]
[Round "05"]
[TimeControl "180+1"]
[Date "2022.11.01"]
[WhiteClock "0:00:07"]
[BlackClock "0:01:05"]

1. d4 d5 2. c4 e6 3. Nc3 Be7 4. cxd5 exd5 5. Bf4 c6 6. e3 Bf5 7. g4 Bg6 8. h4 h6 9. h5 Bh7 10. Bd3 Bxd3 11. Qxd3 Nd7 12. O-O-O Ngf6 13. f3 Nf8 14. Nge2 Ne6 15. Be5 Bd6 16. Ng3 Qc7 17. Bxd6 Qxd6 18. Nf5 Qd7 19. Kb1 O-O-O 20. Rc1 Kb8 21. Na4 g6 22. hxg6 fxg6 23. Nh4 g5 24. Ng6 Qh7 25. Qc2 Rhe8 26. Ne5 Qxc2+ 27. Kxc2 Ng8 28. Kd3 Rf8 29. Nc5 Nxc5+ 30. Rxc5 Rf6 31. Rh3 Ne7 32. Rc2 Kc7 33. Rch2 Rh8 34. Rh5 Ng6 35. R2h3 Nh4 36. f4 Rg8 37. f5 Re8 38. b4 b6 39. Ng6 Nxg6 40. Rxh6 Rg8 41. fxg6 Rfxg6 42. Rxg6 Rxg6 43. Rh7+ Kd6 44. Rxa7 b5 45. a3 Rg8 46. Kd2 Ke6 47. Kc3 Kd6 48. Kd3 Ke6 49. Ra6 Kd7 50. a4 bxa4 51. Rxa4 Rb8 52. Ra7+ Ke6 53. Rg7 Rxb4 54. Rg6+ Kd7 55. Rxg5 Rb2 56. Rg7+ Kd6 57. Rg6+ Kc7 58. g5 Rg2 59. Rg8 Kb7 60. g6 Kc7 61. Kc3 Rg3 62. Kb4 Kb6 63. g7 Kb7 64. Kc5 Rg6 65. Kb4 Rg1 66. Kc3 Rg3 67. Kd2 Rg2+ 68. Ke1 Rg6 69. Kf2 Rg5 70. Kf3 Rg1 71. Kf4 Rg2 72. Kf5 Rg1 73. Ke6 Rg3 74. Rd8 Rxg7 75. Rd7+ Rxd7 76. Kxd7 Kb6 77. Kd6 Kb5 78. Kc7 c5 79. dxc5 Kxc5 80. Kd7 Kc4 81. Kd6 Kd3 82. Kxd5 Kxe3 1/2-1/2


[Site "https://www.chess.com"]

[Event "Titled Tuesday Blitz November 01 Early 2022"]
[White "Pappelis, Dimitrios"]
[Black "Kanyamarala, Trisha"]
[WhiteFideId "4215281"]
[BlackFideId "45004722"]
[WhiteElo "2104"]
[BlackElo "2099"]
[Result "0-1"]
[Round "05"]
[TimeControl "180+1"]
[Date "2022.11.02"]
[WhiteClock "0:01:59"]
[BlackClock "0:01:31"]

1. e4 c5 2. Nf3 d6 3. d4 cxd4 4. Qxd4 Nc6 5. Bb5 Bd7 6. Bxc6 bxc6 7. Nc3 e5 8. Qd3 h6 9. O-O Nf6 10. b3 Be7 11. a4 a5 12. Ba3 Bg4 13. h3 Bxf3 14. Qxf3 O-O 15. Rfd1 Qc7 16. Rd3 Rfe8 17. Rad1 d5 18. Bxe7 Qxe7 19. exd5 e4 20. Nxe4 Qxe4 21. Qxe4 Nxe4 22. dxc6 Rac8 23. Rd5 Nc3 0-1


[Site "https://www.chess.com"]

[Event "Titled Tuesday Blitz November 01 Early 2022"]
[White "Paravyan, David"]
[Black "Atabayev, Yusup"]
[WhiteFideId "4194985"]
[BlackFideId "14001128"]
[WhiteElo "2555"]
[BlackElo "2454"]
[Result "1-0"]
[Round "05"]
[TimeControl "180+1"]
[Date "2022.11.01"]
[WhiteClock "0:00:04"]
[BlackClock "0:00:05"]

1. e4 c5 2. Nf3 e6 3. d4 cxd4 4. Nxd4 Nf6 5. Nc3 Bb4 6. e5 Nd5 7. Bd2 Bxc3 8. bxc3 O-O 9. Bd3 d6 10. exd6 Qxd6 11. Qh5 f5 12. O-O e5 13. Nb5 Qc6 14. c4 Nf6 15. Qh4 Na6 16. Rfe1 e4 17. Bf1 Be6 18. Nd4 Qc8 19. Rab1 Nc5 20. Bb4 b6 21. Red1 Bd7 22. Qf4 Qb8 23. Qd2 Qe5 24. f4 exf3 25. Nxf3 Qc7 26. Qd6 Rac8 27. Ne5 Ba4 28. Rbc1 Nfe4 29. Qxc7 Rxc7 30. Bd3 Re8 31. Nf3 Nxd3 32. Rxd3 Rxc4 33. Rd4 Rec8 34. Rcd1 Rxd4 35. Rxd4 Rxc2 36. g4 g6 37. Rd8+ Kf7 38. gxf5 gxf5 39. Rf8+ Kg7 40. Rxf5 Rxa2 41. Bf8+ Kh8 42. Bh6 Bb3 43. Rf8+ Bg8 44. Ne5 Nd6 45. Rd8 Ra1+ 46. Kg2 Rd1 47. Bf8 Bd5+ 48. Kh3 Nb7 49. Rb8 h5 50. Bd6+ Kh7 51. Be7 Rd4 52. Bf6 Nd8 53. Rxd8 Be6+ 54. Kg2 Rxd8 55. Bxd8 b5 56. Ba5 Kg7 57. Kg3 Kf6 58. Kf4 Bd5 59. Nd7+ Ke6 60. Nc5+ Kf6 61. Bc3+ Kg6 62. Nd7 Bg2 63. Ne5+ Kh6 64. h4 Bf1 65. Kf5 Be2 66. Kf6 Kh7 67. Nd7 Bg4 68. Ne5 Be2 69. Ba5 Kg8 70. Kg5 Kg7 71. Kf5 Kf8 72. Ke6 Ke8 73. Kd6 a6 74. Ke6 Kf8 75. Kf6 Ke8 76. Bb6 Kf8 77. Nc6 Ke8 78. Ke6 Kf8 79. Nd4 Bg4+ 80. Kf6 Ke8 81. Ba5 Kd7 82. Ke5 Ke7 83. Kd5 1-0


[Site "https://www.chess.com"]

[Event "Titled Tuesday Blitz November 01 Early 2022"]
[White "Parkhov, Yair"]
[Black "Svane, Rasmus"]
[WhiteFideId "2813408"]
[BlackFideId "4657101"]
[WhiteElo "2384"]
[BlackElo "2674"]
[Result "0-1"]
[Round "05"]
[TimeControl "180+1"]
[Date "2022.11.02"]
[WhiteClock "0:00:02"]
[BlackClock "0:00:22"]

1. d4 Nf6 2. c4 e6 3. Nf3 d5 4. g3 Bb4+ 5. Nbd2 dxc4 6. Bg2 b5 7. O-O a5 8. a3 Be7 9. b3 cxb3 10. Qxb3 c6 11. Bb2 O-O 12. Ne5 Bb7 13. Rac1 Ra6 14. Qc2 Nd5 15. Nb3 Nd7 16. Nxd7 Qxd7 17. Nc5 Bxc5 18. dxc5 Qe7 19. Rfd1 Raa8 20. e4 Nf6 21. Rd6 Ne8 22. Rd3 Rd8 23. Rcd1 Rxd3 24. Rxd3 Nf6 25. Rd6 Rc8 26. Qc3 a4 27. Qd2 h6 28. Bc3 Ba8 29. Qd4 Re8 30. f4 Rc8 31. Bf3 Qf8 32. Kg2 Ne8 33. Rd7 Nf6 34. Rd6 Ne8 35. Rd7 b4 36. axb4 Nf6 37. Rd6 Ne8 38. Rd7 Nc7 39. Qd3 Nb5 40. Be5 f6 41. Bd6 Nxd6 42. cxd6 c5 43. Qc4 cxb4 44. Qxe6+ Kh8 45. Rf7 Qg8 46. d7 Rd8 47. Bg4 b3 48. Bf5 b2 49. Re7 b1=Q 50. Re8 Qb3 51. Rxd8 Qxe6 52. Rxg8+ Qxg8 53. Bg6 Qd8 54. Be8 0-1


[Site "https://www.chess.com"]

[Event "Titled Tuesday Blitz November 01 Early 2022"]
[White "Parligras, Mircea-Emilian"]
[Black "Shaik Sumer Arsh"]
[WhiteFideId "1204297"]
[BlackFideId "45020000"]
[WhiteElo "2507"]
[BlackElo "2190"]
[Result "1-0"]
[Round "05"]
[TimeControl "180+1"]
[Date "2022.11.02"]
[WhiteClock "0:00:51"]
[BlackClock "0:00:01"]

1. d4 Nf6 2. c4 e6 3. Nc3 Bb4 4. Bd2 O-O 5. e3 d5 6. Nf3 b6 7. cxd5 exd5 8. Bd3 Bb7 9. O-O a6 10. Ne5 Nbd7 11. f4 c5 12. Rf3 Nxe5 13. fxe5 Ne4 14. Rh3 Qg5 15. Qf3 h6 16. Be1 cxd4 17. exd4 Bxc3 18. Bxc3 a5 19. Rf1 Ba6 20. Bxa6 Rxa6 21. Be1 Raa8 22. Bh4 Qd2 23. Be7 Qxd4+ 24. Kh1 Qxe5 25. Bxf8 Rxf8 26. Rh5 Qxb2 27. Rxd5 Nf6 28. Rd6 b5 29. a3 b4 30. axb4 Qxb4 31. Ra6 a4 32. h3 Re8 33. Qf4 1-0


[Site "https://www.chess.com"]

[Event "Titled Tuesday Blitz November 01 Early 2022"]
[White "Petrovic, Aleksa"]
[Black "Jakubowski, Krzysztof"]
[WhiteFideId "967629"]
[BlackFideId "1112848"]
[WhiteElo "2242"]
[BlackElo "2373"]
[Result "0-1"]
[Round "05"]
[TimeControl "180+1"]
[Date "2022.11.02"]
[WhiteClock "0:00:02"]
[BlackClock "0:00:35"]

1. d4 Nf6 2. c4 e6 3. Nf3 Bb4+ 4. Nbd2 c5 5. dxc5 Na6 6. a3 Bxd2+ 7. Qxd2 Nxc5 8. Qc2 b6 9. b4 Nce4 10. g3 Bb7 11. Bg2 Rc8 12. O-O O-O 13. Qb3 Qc7 14. Qa4 Nc3 15. Qc2 Qxc4 16. Re1 Ba6 17. Kh1 Nxe2 18. Qxc4 Bxc4 19. Bb2 Ng4 20. h3 Nxf2+ 21. Kh2 Ne4 22. Ne5 N4xg3 23. Nxc4 Rxc4 24. Be5 f5 25. Bxg3 Nxg3 26. Kxg3 f4+ 27. Kf3 Rc3+ 28. Kf2 f3 29. Bf1 Rc2+ 30. Kg3 Rc3 31. Kf2 Rfc8 32. Re3 Rxe3 33. Kxe3 Rc3+ 34. Kf2 Kf7 35. Rd1 d5 36. Rd3 Rxd3 37. Bxd3 e5 38. Bf5 e4 39. Bc8 Kf6 40. Bb7 Ke5 41. Ke3 d4+ 42. Kf2 Kf4 43. h4 g6 44. a4 h6 45. a5 bxa5 46. bxa5 g5 47. hxg5 hxg5 48. a6 g4 0-1


[Site "https://www.chess.com"]

[Event "Titled Tuesday Blitz November 01 Early 2022"]
[White "Postnikov, Daniil"]
[Black "Fernandez De La Vara, Arnaldo"]
[WhiteFideId "4166329"]
[BlackFideId "3518388"]
[WhiteElo "2261"]
[BlackElo "2387"]
[Result "0-1"]
[Round "05"]
[TimeControl "180+1"]
[Date "2022.11.02"]
[WhiteClock "0:00:11"]
[BlackClock "0:00:04"]

1. d4 c5 2. d5 Nf6 3. Nc3 d6 4. e4 a6 5. a4 g6 6. Nf3 Bg4 7. Be2 Bxf3 8. Bxf3 Nbd7 9. Bf4 Bg7 10. O-O O-O 11. Re1 Rb8 12. a5 Ne8 13. Be2 Nc7 14. Bc4 b5 15. axb6 Rxb6 16. Qc1 Qb8 17. Ra2 Rb4 18. Bf1 Qb7 19. h4 Rb8 20. Nd1 Bxb2 21. Nxb2 Rxb2 22. Ra3 Rb1 23. Qd2 Rxe1 24. Qxe1 Qb1 25. Qxb1 Rxb1 26. g3 f5 27. exf5 Nxd5 28. fxg6 Nxf4 29. gxh7+ Kxh7 30. gxf4 Nf6 31. Rxa6 Kg6 32. Kg2 Nd5 33. Bd3+ Kf6 34. Kf3 Rh1 35. Kg3 Rg1+ 36. Kf3 Nb4 37. Ra3 Rh1 38. Kg3 d5 39. Be2 Nxc2 40. Ra5 Nd4 41. Bg4 Rg1+ 42. Kh3 Rc1 43. h5 e6 44. Ra6 c4 45. h6 Rh1+ 46. Kg3 Rxh6 47. Kg2 Rh8 48. Ra7 Rg8 49. f3 Ne2 50. f5 exf5 51. Kf2 fxg4 52. Kxe2 gxf3+ 53. Kxf3 Ke5 54. Ke2 Rg2+ 55. Kf3 Rb2 56. Re7+ Kd4 57. Rd7 Rb3+ 58. Ke2 Rd3 59. Rd8 Re3+ 60. Kd2 c3+ 61. Kc2 Re2+ 62. Kd1 Rd2+ 63. Kc1 Kc4 64. Rc8+ Kd3 65. Rd8 d4 66. Rh8 Re2 67. Rh1 Kc4 68. Rh8 Re1+ 0-1


[Site "https://www.chess.com"]

[Event "Titled Tuesday Blitz November 01 Early 2022"]
[White "Predke, Alexandr"]
[Black "Wieczorek, Oskar"]
[WhiteFideId "24107581"]
[BlackFideId "1133950"]
[WhiteElo "2614"]
[BlackElo "2404"]
[Result "0-1"]
[Round "05"]
[TimeControl "180+1"]
[Date "2022.11.01"]
[WhiteClock "0:00:02"]
[BlackClock "0:00:43"]

1. Nf3 d5 2. g3 b6 3. Bg2 Bb7 4. O-O Nf6 5. c4 dxc4 6. Qa4+ Nbd7 7. Qxc4 e6 8. d3 c5 9. Qc2 Be7 10. e4 O-O 11. Nc3 a6 12. a4 Rc8 13. Rd1 Qc7 14. Qe2 Rfd8 15. Bf4 e5 16. Be3 Nf8 17. Bh3 Ne6 18. Bxe6 fxe6 19. Nd2 Bc6 20. Rdc1 Be8 21. Nd1 Qd6 22. Nc4 Qxd3 23. Qxd3 Rxd3 24. Nxb6 Rb8 25. Nc4 Nxe4 26. Nxe5 Rd5 27. Nc4 Rb4 28. Na3 Bf6 29. Rc2 Bg6 30. Re2 Rxa4 31. Rc1 Bh5 32. Re1 Ng5 33. Bxg5 Bxg5 34. Nc3 Bxc1 35. Rxc1 Rxa3 36. bxa3 Rd3 37. Na4 Rxa3 38. Nxc5 e5 39. h3 Bf3 40. g4 g5 41. Kh2 e4 42. Ne6 h6 43. Nd4 Ra2 44. Nxf3 Rxf2+ 45. Kg1 Rxf3 46. Kg2 Ra3 47. Rc7 a5 48. Re7 e3 49. Kf3 a4 50. Ra7 Kf8 0-1


[Site "https://www.chess.com"]

[Event "Titled Tuesday Blitz November 01 Early 2022"]
[White "Principe, Gerson"]
[Black "Ohanyan, Emin"]
[WhiteFideId "3804550"]
[BlackFideId "13312022"]
[WhiteElo "2280"]
[BlackElo "2302"]
[Result "0-1"]
[Round "05"]
[TimeControl "180+1"]
[Date "2022.11.02"]
[WhiteClock "0:00:02"]
[BlackClock "0:00:07"]

1. Nf3 d5 2. e3 Nf6 3. b3 Nc6 4. Bb2 Bg4 5. d4 e6 6. Be2 Bxf3 7. Bxf3 Bb4+ 8. c3 Bd6 9. c4 O-O 10. O-O Re8 11. Nc3 Bf8 12. Rc1 Ne7 13. Qc2 c6 14. Rfd1 Ng6 15. g3 Rc8 16. a3 a6 17. e4 dxe4 18. Nxe4 Nxe4 19. Bxe4 Be7 20. Rd3 Bf6 21. Rcd1 Qa5 22. Bf3 Qf5 23. Qe2 Qg5 24. Bg2 Qa5 25. h4 Rcd8 26. Bf3 Ne7 27. Be4 h6 28. Kg2 Nf5 29. Qf3 Nd6 30. Qe2 Nxe4 31. Qxe4 Rd7 32. Qe2 Red8 33. b4 Qc7 34. R3d2 b5 35. Bc3 Qb7 36. Kg1 bxc4 37. Qxc4 Qb5 38. Qf1 h5 39. Kg2 Qd5+ 40. Kg1 g5 41. hxg5 Qxg5 42. Qg2 Rd5 43. Kh1 Qg6 44. Qf3 Kh7 45. Kg2 h4 46. Rh1 Rg8 47. Qd3 Rf5 48. Kf1 Kg7 49. Ke2 Kf8 50. gxh4 Qg4+ 51. Ke1 Bxh4 52. Qe3 Rf3 53. Qe2 Ke8 54. Rf1 Rxc3 55. Qxg4 Rxg4 56. Ke2 Re4+ 57. Kd1 Rxa3 58. Rc2 Bg5 59. Rc1 Ra2 60. Rc2 Ra1+ 0-1


[Site "https://www.chess.com"]

[Event "Titled Tuesday Blitz November 01 Early 2022"]
[White "Reprintsev, Alexander"]
[Black "Izuzquiza Gonzalez, Javier"]
[WhiteFideId "14100541"]
[BlackFideId "3101029"]
[WhiteElo "2230"]
[BlackElo "2034"]
[Result "0-1"]
[Round "05"]
[TimeControl "180+1"]
[Date "2022.11.02"]
[WhiteClock "0:00:01"]
[BlackClock "0:00:15"]

1. e4 c5 2. b3 d5 3. exd5 Qxd5 4. Nc3 Qd6 5. Ne4 Qc7 6. Bb5+ Bd7 7. Qe2 a6 8. Bxd7+ Nxd7 9. Bb2 Qc6 10. Nf3 Ngf6 11. Nxf6+ Nxf6 12. O-O g6 13. Rfe1 Qd6 14. Be5 Qc6 15. d4 Bg7 16. c4 cxd4 17. Nxd4 Qb6 18. Rad1 O-O 19. Nf3 Rad8 20. Bd4 Qa5 21. Qxe7 Rfe8 22. Bxf6 Rxe7 23. Bxe7 Rxd1 24. Rxd1 Bc3 25. a3 Kg7 26. h3 Qf5 27. b4 Bf6 28. Bc5 Qc2 29. Rd7 Qxc4 30. Rxb7 Qc1+ 31. Kh2 Qxa3 32. Rb8 h5 33. Bf8+ Kh7 34. Bc5 Qb2 35. Rb7 Be5+ 36. g3 Kg7 0-1


[Site "https://www.chess.com"]

[Event "Titled Tuesday Blitz November 01 Early 2022"]
[White "Rios Escobar, Adan"]
[Black "Fawzy, Adham"]
[WhiteFideId "3403645"]
[BlackFideId "10613129"]
[WhiteElo "2362"]
[BlackElo "2541"]
[Result "1-0"]
[Round "05"]
[TimeControl "180+1"]
[Date "2022.11.02"]
[WhiteClock "0:00:02"]
[BlackClock "0:00:01"]

1. d4 d5 2. c4 c6 3. Nf3 Nf6 4. g3 Bf5 5. Nc3 dxc4 6. Bg2 Nbd7 7. a4 e6 8. Nd2 Be7 9. Nxc4 O-O 10. O-O a5 11. h3 Bg6 12. e4 Bb4 13. Qe2 Nb6 14. Nxb6 Qxb6 15. Rd1 Rad8 16. Be3 Bxc3 17. bxc3 Bxe4 18. d5 Qc7 19. dxe6 fxe6 20. Bf4 e5 21. Bxe4 exf4 22. Kg2 Rde8 23. Qc4+ Kh8 24. Bf3 fxg3 25. fxg3 Qe5 26. Re1 Qg5 27. Qf4 Qc5 28. Qd4 Qg5 29. Qf2 Nd5 30. Rxe8 Rxe8 31. Re1 Ne3+ 32. Kh2 h6 33. h4 Qe5 34. Kh1 Re7 35. c4 Qd4 36. Qe2 Qe5 37. Qf2 Qc5 38. Qe2 Re5 39. Rg1 Nxc4 40. Qc2 Qd4 41. Qg6 Ne3 42. Re1 Qd6 43. Be4 Qxg6 44. Bxg6 Ng4 45. Rb1 Nf6 46. Rxb7 Re1+ 47. Kh2 Re2+ 48. Kh3 1-0


[Site "https://www.chess.com"]

[Event "Titled Tuesday Blitz November 01 Early 2022"]
[White "Rohith Krishna S"]
[Black "Ristic, Nebojsa B"]
[WhiteFideId "46617051"]
[BlackFideId "935468"]
[WhiteElo "2270"]
[BlackElo "2320"]
[Result "1-0"]
[Round "05"]
[TimeControl "180+1"]
[Date "2022.11.02"]
[WhiteClock "0:01:13"]
[BlackClock "0:00:38"]

1. Nf3 Nf6 2. c4 b6 3. b3 Bb7 4. Bb2 e6 5. d3 g6 6. Nbd2 Bg7 7. g3 O-O 8. Bg2 d5 9. O-O Nbd7 10. Qc2 c5 11. Rad1 Rc8 12. Rfe1 Qc7 13. e4 d4 14. a3 a5 15. b4 axb4 16. axb4 e5 17. b5 Ra8 18. Ra1 Nh5 19. Qb3 f5 20. exf5 gxf5 21. Nh4 Bxg2 22. Kxg2 Rxa1 23. Rxa1 Qb7+ 24. Kg1 e4 25. Qa3 e3 26. Ndf3 f4 27. Qa7 Qxa7 28. Rxa7 Ne5 29. Nxe5 Bxe5 30. g4 Ng7 31. Kg2 Ne6 32. Re7 f3+ 33. Nxf3 Rxf3 34. Kxf3 Ng5+ 35. Ke2 Bf4 36. Bc1 Kf8 37. Rb7 exf2 38. Bxf4 f1=Q+ 39. Kxf1 1-0


[Site "https://www.chess.com"]

[Event "Titled Tuesday Blitz November 01 Early 2022"]
[White "Romero Ruscalleda, Josep"]
[Black "Ozdemir, Serhan Berat"]
[WhiteFideId "2231859"]
[BlackFideId "6374611"]
[WhiteElo "2280"]
[BlackElo "2016"]
[Result "0-1"]
[Round "05"]
[TimeControl "180+1"]
[Date "2022.11.02"]
[WhiteClock "0:00:49"]
[BlackClock "0:00:29"]

1. e4 c5 2. c3 e6 3. d4 Nf6 4. Bd3 Nc6 5. Nf3 Qb6 6. dxc5 Bxc5 7. O-O a5 8. Nbd2 a4 9. b4 axb3 10. Nxb3 Be7 11. Be3 Qc7 12. Re1 d6 13. h3 O-O 14. Qc2 Bd7 15. Rab1 Rfc8 16. Nc1 Ne5 17. Nxe5 dxe5 18. Ne2 Bc6 19. Bb6 Qd7 20. Ng3 h6 21. Red1 Ba4 22. Bb5 Qxb5 23. Rxb5 Bxc2 24. Rd7 Bf8 25. f3 Nxd7 0-1


[Site "https://www.chess.com"]

[Event "Titled Tuesday Blitz November 01 Early 2022"]
[White "Rose, Felix"]
[Black "Buscar, Michael"]
[WhiteFideId "5105722"]
[BlackFideId "2603616"]
[WhiteElo "2039"]
[BlackElo "2010"]
[Result "0-1"]
[Round "05"]
[TimeControl "180+1"]
[Date "2022.11.02"]
[WhiteClock "0:00:27"]
[BlackClock "0:02:16"]

1. e4 c5 2. Nf3 Nc6 3. d4 cxd4 4. Nxd4 Nf6 5. Nc3 e5 6. Ndb5 h6 7. Nd6+ Bxd6 8. Qxd6 Qe7 9. Qxe7+ Kxe7 10. Be3 Rd8 11. O-O-O d6 12. f3 Bd7 13. Be2 Be6 14. Nd5+ Bxd5 15. exd5 Nb4 16. Bc4 Rdc8 17. Bb3 a5 18. a3 a4 19. Bxa4 Nbxd5 20. Bb3 Nxe3 21. Rd3 Nxg2 22. Rhd1 Ra6 0-1


[Site "https://www.chess.com"]